 Dungeon Crawl Stone Soup version 0.27-a0-1391-g48c30b3128 (webtiles) character file.

Game seed: 7868764843274981613

319945 Froggeryz the Unseen (level 21, -22/237 HPs)
             Began as an Octopode Berserker on July 1, 2021.
             Was the Champion of Trog.
             Annihilated by a tentacled starspawn (35 damage)
             ... on level 1 of the Vaults.
             The game lasted 01:37:20 (48175 turns).

Froggeryz the Unseen (Octopode Berserker)          Turns: 48175, Time: 01:37:21

Health: -22/237    AC:  7    Str: 22    XL:     21   Next: 7%
Magic:  7/7        EV: 29    Int: 13    God:    Trog [******]
Gold:   2885       SH: 15    Dex: 24    Spells: 20/20 levels left

rFire    + + .     SeeInvis +   W - +9 quick blade (antimagic)
rCold    + + .     Faith    .   R - +0 kite shield
rNeg     . . .     Spirit   .   x - +2 hat
rPois    +         Reflect  .   Q - amulet of regeneration
rElec    +         Harm     .   n - ring of protection from cold
rCorr    +         Rampage  .   l - +6 ring of strength
Will     ++++.                  q - ring of willpower
Stlth    ..........             D - +4 ring of protection
HPRegen  1.00/turn              i - ring of see invisible
MPRegen  0.10/turn              T - +6 ring of dexterity
                                U - +4 ring of slaying
                                r - ring of protection from fire

@: berserking, resistant, strong-willed, regenerating, diseased, studying 2
skills, very quick
A: almost no armour, amphibious, 8 rings, camouflage 1, gelatinous body 1,
(nimble swimmer 1), tentacles
}: 3/15 runes: decaying, abyssal, gossamer
a: Renounce Religion, Berserk, Trog's Hand, Brothers in Arms


You were on level 1 of the Vaults.
You worshipped Trog.
Trog was exalted by your worship.
You visited 8 branches of the dungeon, and saw 36 of its levels.
You visited the Abyss 1 time.
You visited 1 bazaar.
You also visited: Ice Cave.

You collected 4615 gold pieces.
You spent 1730 gold pieces at shops.

Inventory:

Hand Weapons
 W - a +9 antimagic quick blade (weapon)
 Y - the +8 rapier of the Coward {flame, rC+ rCorr}
   (You took it off a deep elf demonologist on level 3 of the Elven Halls)

   It has been specially enchanted to burn those struck by it, causing extra
   injury to most foes and up to half again as much damage against particularly
   susceptible opponents.
   rC:        It protects you from cold.
   rCorr:     It protects you from acid and corrosion.
Missiles
 e - a curare-tipped dart
 s - 8 atropa-tipped darts
 t - 7 javelins
 A - 46 boomerangs
 L - 5 silver javelins
 N - 35 poisoned darts (quivered)
 P - 6 throwing nets
Armour
 x - a +2 hat (worn)
 R - a +0 kite shield (worn)
Jewellery
 c - a ring of poison resistance
 i - a ring of see invisible (on tentacle)
 l - a +6 ring of strength (right tentacle)
 n - a ring of protection from cold (left tentacle)
 p - a +4 ring of protection
 q - a ring of willpower (on tentacle)
 r - a ring of protection from fire (on tentacle)
 u - the ring "Hutarus" {rPois rF- Will+ rCorr Str+6}
   (You took it off a deep elf sorcerer on level 3 of the Elven Halls)

   [ring of willpower]

   Str:       It affects your strength (+6).
   rF:        It makes you vulnerable to fire.
   rPois:     It protects you from poison.
   rCorr:     It protects you from acid and corrosion.
   Will:      It increases your willpower.
 y - a ring of protection from cold
 D - a +4 ring of protection (on tentacle)
 F - a ring of resist corrosion
 Q - an amulet of regeneration (around mantle)
 T - a +6 ring of dexterity (on tentacle)
 U - a +4 ring of slaying (on tentacle)
 X - a ring of protection from cold
Wands
 a - a wand of polymorph (36)
 b - a wand of digging (5)
 f - a wand of acid (9)
 H - a wand of charming (18)
 I - a wand of iceblast (30)
 J - a wand of flame (94)
 Z - a wand of paralysis (11)
Scrolls
 h - 7 scrolls of fear
 k - 8 scrolls of enchant armour
 v - 2 scrolls of immolation
 E - 12 scrolls of teleportation
 G - a scroll of holy word
 K - 5 scrolls of blinking
 M - 6 scrolls of magic mapping
 O - 3 scrolls of summoning
Potions
 d - a potion of resistance
 g - 6 potions of flight
 j - 10 potions of curing
 m - 8 potions of ambrosia
 o - 6 potions of mutation
 w - 2 potions of invisibility
 z - 2 potions of heal wounds
 B - 3 potions of might
 C - 6 potions of haste
 S - a potion of cancellation
Miscellaneous
 V - a phantom mirror


   Skills:
 + Level 17.7 Fighting
 - Level 12.0 Short Blades
 - Level 11.3 Throwing
 - Level 18.2 Dodging
 + Level 19.0 Stealth
 - Level 15.5 Shields
 - Level 6.3 Evocations


You had 20 spell levels left.
You didn't know any spells.
Your spell library was empty.

Dungeon Overview and Level Annotations

Branches:
Dungeon (15/15)            Temple (1/1) D:7            Lair (6/6) D:10
  Swamp (4/4) Lair:3       Spider (4/4) Lair:3        Slime (0/5) Lair:6
    Orc (2/2) D:11            Elf (3/3) Orc:2        Vaults (1/5) D:13
 Depths (0/5) D:15          IceCv (visited)

Altars:
Dithmenos
Elyvilon
Gozag
Kikubaaqudgha
Makhleb
Okawaru
Ru
Sif Muna
Trog
Uskayaw
Xom
The Shining One
Beogh

Shops:
D:5 !   D:10 [   D:11 =   D:12 =   D:14 ?   Orc:2 ?([(*   Elf:2 *   Elf:3 :

Portals:
Hell: Lair:6

Annotations:
D:10 exclusion: 3 doors
Elf:1 1 runed translucent door, Pual's ghost, veteran FoFi
Elf:2 5 runed translucent doors, Donald


Innate Abilities, Weirdness & Mutations

You cannot wear most types of armour.
You are amphibious.
You can wear up to eight rings at the same time.
Your skin changes colour to match your surroundings (Stealth+).
Your rubbery body absorbs attacks. (AC +1, EV +1)
((You are camouflaged near water. (Stealth+)))
You have tentacles for arms and can constrict up to eight enemies at once.


Message History

You impale the dread lich!!
You destroy the dread lich!
Trog accepts your kill.
Trog appreciates your killing of a magic user.
The hell beast disappears in a puff of smoke!
The balrug disappears in a puff of smoke!
Your life force feels restored.
Your Stealth skill increases to level 19!
You have reached level 21!
Your experience leads to an increase in your attributes!
Your base attributes are Str 16, Int 13, Dex 17.
Increase (S)trength, (I)ntelligence, or (D)exterity?
You feel agile.
You impale the tentacled starspawn!! You squeeze the tentacled starspawn!!
The tentacled starspawn is heavily damaged.
The substance of the Abyss twists violently, and a gateway leading out appears!
You block the chaos spawn's attack.
The tentacled starspawn closely misses you.
The tentacled starspawn tentacle-slaps you!
* * * LOW HITPOINT WARNING * * *
You pass through the gate.
Welcome back to the Vaults!
You feel a strong urge to attack something.
The white ugly thing barely misses you.
You block the green ugly thing's attack.
The white ugly thing closely misses you.
The green ugly thing tentacle-slaps you!
* * * LOW HITPOINT WARNING * * *
Unknown command.
You puncture the wizard!
The wizard's magic leaks into the air.
Your grab misses the wizard. Your squeeze misses the wizard.
The wizard is moderately wounded.
You barely miss the wizard. Your grab misses the wizard.
The wizard is moderately wounded.
You block the chaos spawn's attack.
You impale the wizard!!
The wizard's magic leaks into the air.
Your grab misses the wizard.
The wizard is almost dead.
The tentacled starspawn bites you!!
You die...

#######
########..#..#
#......#..#..#..#
#..$...#..#∩.#..+
#......+..#..#..#
#......#..#.)#..#
#...X>u#..#..#..#
#...p@u'..#..#..#
#....4.#..#..#..#
#......#..'.['..#
#......#..#..#..#
#......#..#..#..#
######+##########


You could see a tentacled starspawn, 2 ugly things, a wizard and a chaos spawn.

Vanquished Creatures
  A dread lich (Abyss:3)
  Bai Suzhen (Spider:2)
  Nikola (Spider:3)
  The ghost of waddelsworth the Omniscient, an adept GnCj of Ashenzari (Elf:3)
  Arachne (Spider:3)
  A deep elf blademaster (Elf:3)
  Asterion (Spider:4)
  2 deep elf master archers (Elf:3)
  Kirke (Lair:5)
  2 thorn hunters (Swamp:4)
  A fenstrider witch (Swamp:3)
  9 deep elf sorcerers
  An emperor scorpion (Spider:4)
  2 orc warlords
  5 ghost moths (Spider:4)
  Louise (D:15)
  2 deep elf elementalists (Elf:3)
  Aizul (Spider:2)
  A starcursed mass (Abyss:3)
  6 deep elf demonologists (Elf:3)
  The ghost of Tijoc the Blinker, a journeyman FeWn of Dithmenos (Elf:3)
  An entropy weaver (Spider:4)
  Nessos (D:15)
  A dire elephant (Lair:6)
  The ghost of Vuppis the Protected, a journeyman DsVM of Ashenzari (Lair:4)
  2 bunyips
  6 spark wasps
  15 deep elf annihilators
  4 eleionomae
  2 blizzard demons (Abyss:3)
  7 deep elf death magi
  Josephine (D:15)
  9 deep elf high priests (Elf:3)
  A merfolk impaler (Abyss:3)
  A rakshasa (D:11)
  An ironbound thunderhulk (Vaults:1)
  4 boulder beetles
  A vault guard (D:13)
  An ogre mage (D:11)
  2 catoblepae
  30 hydras
  6 centaur warriors
  A death knight (D:10)
  2 ghost crabs (Swamp:3)
  4 alligators
  17 dancing weapons
  4 tengu warriors
  9 death yaks
  7 two-headed ogres
  3 orc high priests
  Nergalle (Lair:3)
  12 deep elf knights
  A sixfirhy (Lair:6)
  4 goliath frogs
  A death drake (Swamp:4)
  2 skeletal warriors
  4 bog bodies
  A glowing orange brain (Abyss:3)
  7 deep elf archers
  2 spriggan druids (Swamp:3)
  2 necromancers
  5 swamp dragons (Swamp:4)
  4 wizards
  Pikel (D:4)
  26 deep elf pyromancers
  4 orc knights
  13 orb spiders
  7 orc sorcerers
  26 wolf spiders
  A mana viper (Abyss:3)
  4 oklob plants (Lair:6)
  28 deep elf zephyrmancers
  A salamander (shapeshifter) (Elf:2)
  34 ugly things
  5 manticores
  4 will-o-the-wisps
  A worldbinder (Abyss:3)
  4 cyclopes
  Maurice (D:9)
  16 elephants
  3 moths of wrath
  2 smoke demons (Abyss:3)
  2 guardian serpents (D:12)
  2 large abominations (Abyss:3)
  3 torpor snails
  4 black mambas
  2 gargoyles
  3 orange demons (Lair:6)
  An apocalypse crab (Abyss:3)
  18 cane toads
  7 rime drakes
  A vault sentinel (Vaults:1)
  2 kobold demonologists
  A komodo dragon (shapeshifter) (Elf:2)
  An efreet (Abyss:3)
  16 komodo dragons
  4 unseen horrors
  2 yaktaurs (D:10)
  An ancient zyme (Abyss:3)
  20 demonic crawlers
  A hellwing (Lair:6)
  3 ice devils
  6 trolls
  20 jumping spiders
  2 tengu conjurers
  2 red devils (Lair:6)
  2 bloated husks (Swamp:3)
  6 meliai
  3 polar bears
  Grinder (D:3)
  11 hornets
  2 tyrant leeches
  5 slime creatures (D:13)
  9 blink frogs (Lair:6)
  A blink frog (shapeshifter) (Elf:2)
  A harpy skeleton (D:15)
  4 raiju (Abyss:3)
  A raiju (shapeshifter) (Elf:3)
  4 dream sheep (Lair:5)
  A redback (shapeshifter) (Elf:3)
  2 centaur simulacra
  3 air elementals
  3 flying skulls (Abyss:3)
  A vampire (D:11)
  63 redbacks
  2 shadows
  28 tarantellas
  4 spriggans
  5 wyverns
  2 water elementals
  63 yaks
  A fire dragon skeleton (Abyss:3)
  3 hogs
  2 humans (Lair:5)
  8 wraiths
  2 fire elementals (Elf:1)
  A neqoxec (Abyss:3)
  A fire bat (shapeshifter) (Elf:3)
  2 basilisks
  3 steam dragons
  6 vampire mosquitoes
  14 swamp worms
  A warg (Orc:2)
  3 acid dragons (D:11)
  15 water moccasins
  Duvessa (D:7)
  3 hell hounds (Lair:6)
  Purgy (D:3)
  32 orc warriors
  A sky beast (D:7)
  2 meliai simulacra
  8 swamp drakes
  11 ice beasts
  A hornet zombie (D:8)
  4 black bears
  4 ogres
  3 small abominations (Abyss:3)
  5 wolves (Lair:3)
  10 centaurs
  3 lemures (D:4)
  A phantom (D:7)
  2 kobold brigands (D:12)
  10 bullfrogs
  An earth elemental (Elf:3)
  2 gnoll sergeants
  Dowan (D:7)
  4 scorpions
  A wyvern skeleton (D:7)
  10 killer bees
  10 wights
  7 howler monkeys
  5 centaur zombies
  3 bullfrog zombies
  5 centaur skeletons
  2 jellies
  19 orc priests
  Crazy Yiuf (D:6)
  4 quasits (Abyss:3)
  A gnoll shaman (D:6)
  5 hounds
  Natasha (thrice) (D:4)
  3 iguanas
  A lightning spire (Abyss:3)
  27 orc wizards
  2 polar bear simulacra (D:13)
  3 yak simulacra (D:13)
  4 wolf simulacra (D:13)
  A hound zombie (D:5)
  A howler monkey zombie (D:7)
  Robin (D:3)
  11 gnolls
  3 howler monkey skeletons
  5 adders
  3 white imps
  A howler monkey simulacrum (D:10)
  3 ufetubi
  An adder skeleton (D:4)
  A worm (D:2)
  3 dart slugs
  103 orcs
  4 ball pythons
  11 endoplasms
  2 giant cockroaches
  10 goblins
  11 hobgoblins
  4 quokkas
  7 bats
  A frilled lizard (D:3)
  10 kobolds
  2 rats (D:1)
  2 river rat simulacra (D:13)
1253 creatures vanquished.

Vanquished Creatures (collateral kills)
  An entropy weaver (Spider:4)
  An elephant (Lair:6)
  3 redbacks (Spider:4)
  A warg (D:15)
  An orc warrior (Orc:2)
  3 orcs
10 creatures vanquished.

Vanquished Creatures (others)
  A deep elf archer (Elf:1)
  A deep elf zephyrmancer (Elf:1)
  2 bloated husks
  6 orc warriors
  2 bushes (Lair:6)
  28 foxfires
  47 fungi
  75 plants
  2 starspawn tentacles (Abyss:3)
164 creatures vanquished.

Grand Total: 1427 creatures vanquished

Notes
Turn   | Place    | Note
-------+----------+-------------------------------------------
     0 | D:1      | Froggeryz the Octopode Berserker began the quest for the
                  | Orb.
     0 | D:1      | Reached XP level 1. HP: 16/16 MP: 1/1
   216 | D:1      | Reached skill level 1 in Stealth
   216 | D:1      | Reached XP level 2. HP: 14/21 MP: 2/2
   564 | D:1      | Found a faded altar of an unknown god.
   638 | D:1      | Reached XP level 3. HP: 20/26 MP: 3/3
   828 | D:1      | Reached skill level 2 in Stealth
   860 | D:1      | Reached ** piety under Trog
  1192 | D:2      | HP: 1/26 [adder (3)]
  1570 | D:2      | Reached XP level 4. HP: 31/31 MP: 4/4
  1875 | D:3      | Noticed Grinder
  1883 | D:3      | Killed Grinder
  1884 | D:3      | Reached skill level 5 in Short Blades
  1884 | D:3      | Reached skill level 4 in Stealth
  1884 | D:3      | Reached XP level 5. HP: 36/36 MP: 5/5
  1884 | D:3      | Reached XP level 6. HP: 42/42 MP: 6/6
  2131 | D:3      | Noticed Robin
  2202 | D:3      | Killed Robin
  2594 | D:3      | Noticed Purgy
  2603 | D:3      | Killed Purgy
  2604 | D:3      | Reached skill level 5 in Stealth
  2753 | D:3      | Reached XP level 7. HP: 26/46 MP: 7/7
  3160 | D:3      | Found an ancient bone altar of Kikubaaqudgha.
  3432 | D:4      | Reached skill level 6 in Stealth
  3513 | D:4      | Noticed Natasha
  3517 | D:4      | Killed Natasha
  3517 | D:4      | Reached *** piety under Trog
  3636 | D:4      | Noticed Pikel
  3659 | D:4      | Noticed Natasha
  3671 | D:4      | Killed Natasha
  3678 | D:4      | Killed Pikel
  3679 | D:4      | Reached skill level 7 in Stealth
  3679 | D:4      | Reached XP level 8. HP: 52/52 MP: 8/8
  3866 | D:4      | Noticed Natasha
  3873 | D:4      | Killed Natasha
  3936 | D:4      | Reached skill level 8 in Stealth
  4122 | D:5      | Entered Level 5 of the Dungeon
  4953 | D:5      | Found a shadowy altar of Dithmenos.
  4960 | D:5      | Found a shimmering blue altar of Sif Muna.
  4967 | D:5      | Found a sacrificial altar of Ru.
  4975 | D:5      | Found a glowing golden altar of the Shining One.
  4983 | D:5      | Found a bloodstained altar of Trog.
  4988 | D:5      | Found an iron altar of Okawaru.
  5000 | D:5      | Found a white marble altar of Elyvilon.
  5051 | D:5      | Reached XP level 9. HP: 56/56 MP: 9/9
  5063 | D:5      | Found Coib's Distillery.
  5476 | D:6      | Reached skill level 5 in Dodging
  5818 | D:6      | Reached skill level 10 in Short Blades
  5946 | D:6      | Found a hide-covered altar of Uskayaw.
  6082 | D:6      | Reached **** piety under Trog
  7038 | D:6      | Found a runed translucent door.
  7039 | D:6      | Noticed Crazy Yiuf
  7182 | D:6      | Killed Crazy Yiuf
  7241 | D:7      | Reached XP level 10. HP: 63/63 MP: 10/10
  7259 | D:7      | Noticed Duvessa
  7260 | D:7      | Noticed Dowan
  7264 | D:7      | Killed Duvessa
  7267 | D:7      | Killed Dowan
  7374 | D:7      | Found a staircase to the Ecumenical Temple.
  8327 | D:7      | Noticed a manticore
  8598 | D:7      | Killed a manticore
  8919 | Temple   | Entered the Ecumenical Temple
  9463 | D:8      | Reached ***** piety under Trog
  9738 | D:9      | Noticed Maurice
  9768 | D:9      | Killed Maurice
  9891 | D:9      | Noticed a white ugly thing
  9898 | D:9      | Reached XP level 11. HP: 68/68 MP: 11/11
  9914 | D:9      | Killed a white ugly thing
  9915 | D:9      | Reached skill level 10 in Dodging
 10314 | D:9      | Noticed an orc sorcerer
 10346 | D:9      | Killed an orc sorcerer
 10347 | D:9      | Reached skill level 1 in Evocations
 10475 | D:9      | Reached skill level 9 in Stealth
 10802 | D:10     | Entered Level 10 of the Dungeon
 10812 | D:10     | Noticed a two-headed ogre
 10826 | D:10     | Killed a two-headed ogre
 10827 | D:10     | Reached skill level 5 in Fighting
 11115 | D:10     | Noticed a five-headed hydra
 11311 | D:10     | Found Ruck's Armour Emporium.
 11375 | D:10     | Found a staircase to the Lair.
 11389 | D:10     | Reached skill level 10 in Stealth
 11505 | D:10     | Noticed a skeletal warrior
 11512 | D:10     | Noticed a wizard
 11548 | Lair:1   | Entered Level 1 of the Lair of Beasts
 12020 | Lair:1   | Reached skill level 11 in Stealth
 12096 | Lair:1   | Found a shimmering blue altar of Sif Muna.
 12776 | Lair:2   | Noticed an eight-headed hydra
 12904 | Lair:2   | Reached XP level 12. HP: 80/80 MP: 12/12
 12911 | Lair:2   | Reached skill level 12 in Stealth
 12943 | Lair:2   | Reached skill level 5 in Evocations
 13239 | Lair:2   | Found a frozen archway.
 13250 | IceCv    | Entered an ice cave
 13393 | IceCv    | Reached skill level 13 in Stealth
 13521 | Lair:2   | Killed an eight-headed hydra
 13856 | Lair:3   | Noticed a five-headed hydra
 13860 | Lair:3   | Killed a five-headed hydra
 14033 | Lair:3   | Found a hole to the Spider Nest.
 14125 | Lair:3   | Found a staircase to the Swamp.
 14375 | Lair:3   | Noticed a seven-headed hydra
 14382 | Lair:3   | Killed a seven-headed hydra
 14383 | Lair:3   | Reached skill level 14 in Stealth
 14419 | Lair:3   | Noticed a four-headed hydra
 14433 | Lair:3   | Killed a four-headed hydra
 14434 | Lair:3   | Reached skill level 1 in Throwing
 14545 | Lair:3   | Noticed a seven-headed hydra
 14572 | Lair:3   | Killed a seven-headed hydra
 14868 | Lair:3   | Noticed a death yak
 14868 | Lair:3   | Noticed a death yak
 14870 | Lair:3   | Noticed a death yak
 14871 | Lair:3   | Noticed a death yak
 14873 | Lair:3   | Noticed a death yak
 14876 | Lair:3   | Killed a death yak
 14950 | Lair:3   | Killed a death yak
 14959 | Lair:3   | Killed a death yak
 14960 | Lair:3   | Reached skill level 15 in Stealth
 15112 | Lair:3   | Killed a death yak
 15113 | Lair:3   | Reached XP level 13. HP: 28/86 MP: 13/13
 15951 | Lair:3   | Noticed Nergalle
 16041 | Lair:3   | Reached skill level 16 in Stealth
 16860 | Lair:3   | Killed Nergalle
 17990 | Lair:4   | Reached skill level 5 in Throwing
 18120 | Lair:4   | Found a runed translucent door.
 18120 | Lair:4   | Noticed Vuppis's ghost (journeyman DsVM)
 18215 | Lair:4   | Reached skill level 17 in Stealth
 18823 | Lair:5   | Noticed Kirke
 19557 | Lair:5   | Killed Kirke
 19558 | Lair:5   | Reached XP level 14. HP: 92/92 MP: 14/14
 19696 | Lair:5   | Reached skill level 18 in Stealth
 20384 | Lair:6   | Entered Level 6 of the Lair of Beasts
 21295 | Lair:6   | Received a gift from Trog
 21814 | Lair:6   | Found a staircase to the Slime Pits.
 22721 | Lair:6   | Reached skill level 1 in Shields
 23785 | Lair:6   | Noticed a dire elephant
 23838 | Lair:6   | Killed a dire elephant
 24026 | Lair:6   | Found a burning altar of Makhleb.
 24065 | Lair:6   | Reached XP level 15. HP: 77/102 MP: 15/15
 24140 | Lair:6   | Found a gateway to Hell.
 24665 | Lair:4   | Killed Vuppis's ghost
 24870 | D:10     | Reached skill level 10 in Fighting
 25127 | D:10     | Received a gift from Trog
 25533 | D:11     | Found Baj Ing's Jewellery Shop.
 25547 | D:11     | Bought a ring of protection from fire for 250 gold pieces
 25583 | D:11     | Reached ****** piety under Trog
 26603 | D:11     | Reached skill level 15 in Dodging
 26966 | D:11     | Found a staircase to the Orcish Mines.
 27733 | Orc:1    | Entered Level 1 of the Orcish Mines
 27734 | Orc:1    | Noticed an orc warlord
 27756 | Orc:1    | Killed an orc warlord
 28412 | Orc:2    | Entered Level 2 of the Orcish Mines
 28418 | Orc:2    | Received a gift from Trog
 28539 | Orc:2    | Reached XP level 16. HP: 82/113 MP: 4/16
 28988 | Orc:2    | Found Logopna's Assorted Antiques.
 29026 | Orc:2    | Found Huer's Weapon Shoppe.
 29292 | Orc:2    | Found a staircase to the Elven Halls.
 29517 | Orc:2    | Received a gift from Trog
 29917 | Orc:2    | Found Bewnawk's Magic Scroll Shop.
 30010 | Orc:2    | Found Qelamp's Antique Armour Boutique.
 30016 | Orc:2    | Found Rajet's Antique Weapon Shop.
 30398 | Orc:2    | Bought a scroll of blinking for 82 gold pieces
 30398 | Orc:2    | Bought a scroll of magic mapping for 38 gold pieces
 30398 | Orc:2    | Bought a scroll of teleportation for 33 gold pieces
 30398 | Orc:2    | Bought a scroll of blinking for 82 gold pieces
 30398 | Orc:2    | Bought a scroll of fear for 38 gold pieces
 30398 | Orc:2    | Bought a scroll of teleportation for 33 gold pieces
 30641 | D:5      | Bought a potion of curing for 45 gold pieces
 30641 | D:5      | Bought 2 potions of curing for 90 gold pieces
 30855 | Orc:2    | Bought a scroll of blinking for 225 gold pieces
 30855 | Orc:2    | Bought a blackened pearl ring for 150 gold pieces
 30855 | Orc:2    | Bought a scroll of magic mapping for 105 gold pieces
 31127 | D:12     | Found Nasuy's Jewellery Boutique.
 32196 | D:13     | Received a gift from Trog
 32218 | D:13     | Found a gate to the Vaults.
 32543 | D:14     | Found Vaubev's Magic Scroll Shop.
 32552 | D:14     | Bought 3 scrolls of teleportation for 144 gold pieces
 32552 | D:14     | Bought a scroll of enchant weapon for 120 gold pieces
 32552 | D:14     | Bought a scroll of enchant armour for 120 gold pieces
 32552 | D:14     | Bought a scroll of magic mapping for 56 gold pieces
 32553 | D:14     | Bought a scroll of identify for 32 gold pieces
 33302 | D:15     | Entered Level 15 of the Dungeon
 33353 | D:15     | Reached skill level 5 in Shields
 33514 | D:15     | Noticed Josephine
 33526 | D:15     | Killed Josephine
 33665 | D:15     | Identified the +7 tower shield of Decompression {Rampage
                  | rElec Str+3}
 33665 | D:15     | Noticed Louise
 33666 | D:15     | Noticed Nessos
 33700 | D:15     | Killed Nessos
 33977 | D:15     | Reached XP level 17. HP: 109/110 MP: 5/17
 34007 | D:15     | Killed Louise
 34150 | D:15     | Found a staircase to the Depths.
 34762 | Swamp:1  | Entered Level 1 of the Swamp
 34891 | Swamp:1  | You fall into a shaft and drop 1 floor!
 34981 | Swamp:1  | Received a gift from Trog
 34997 | Swamp:1  | Identified the +8 rapier of Xukebufo {vorpal, *Slow Dex+8}
 36479 | Swamp:3  | Reached skill level 10 in Shields
 36838 | Swamp:4  | Entered Level 4 of the Swamp
 37308 | Swamp:4  | Received a gift from Trog
 37482 | Swamp:4  | Got a decaying rune of Zot
 37895 | Spider:1 | Entered Level 1 of the Spider Nest
 37978 | Spider:1 | Reached XP level 18. HP: 127/127 MP: 6/18
 38669 | Spider:2 | Noticed Aizul
 38703 | Spider:2 | Killed Aizul
 39127 | Spider:3 | Noticed Bai Suzhen
 39172 | Spider:3 | Noticed Nikola
 39191 | Spider:2 | Killed Bai Suzhen
 39254 | Spider:3 | Killed Nikola
 39473 | Spider:3 | Received a gift from Trog
 39531 | Spider:3 | Noticed Arachne
 39559 | Spider:3 | Killed Arachne
 40596 | Spider:4 | Entered Level 4 of the Spider Nest
 40652 | Spider:4 | Received a gift from Trog
 41215 | Spider:4 | Noticed Asterion
 41398 | Spider:4 | Reached XP level 19. HP: 135/135 MP: 6/19
 41542 | Spider:4 | Identified the +2 tower shield of Daamog {Rampage rC+ Will+
                  | Stlth+}
 41571 | Spider:4 | Killed Asterion
 41576 | Spider:4 | Reached skill level 15 in Shields
 41684 | Spider:4 | Received a gift from Trog
 42182 | Spider:4 | Got a gossamer rune of Zot
 42307 | Spider:1 | Identified the +10 shortbow "Zietixa" {flame, Fly Str+4}
 42565 | Elf:1    | Entered Level 1 of the Elven Halls
 43583 | Elf:1    | Received a gift from Trog
 44085 | Elf:1    | Found a runed translucent door.
 44090 | Elf:1    | Noticed Pual's ghost (veteran FoFi)
 44112 | Elf:1    | Paralysed by an air elemental for 1 turns
 44175 | Elf:1    | Found a gateway to a bazaar.
 44235 | Bazaar   | Entered a bazaar
 44235 | Bazaar   | Found Zafecekiemoa's Antique Armour Boutique.
 44235 | Bazaar   | Found Etekh's Book Shoppe.
 44235 | Bazaar   | Found Urebulol's Book Shop.
 44235 | Bazaar   | Found Unkaxkaa's Book Shoppe.
 44237 | Bazaar   | Found Parghaas's Antique Weapon Shop.
 44237 | Bazaar   | Found Qeemomp's Book Emporium.
 44510 | Elf:2    | Found Qaagin's Assorted Antiques.
 44514 | Elf:2    | Bought a scroll of teleportation for 87 gold pieces
 44527 | Elf:2    | Received a gift from Trog
 44588 | Elf:2    | Reached skill level 15 in Fighting
 44633 | Elf:2    | Found a huge runed translucent gate.
 44633 | Elf:2    | Found a huge runed translucent gate.
 44633 | Elf:2    | Found a huge runed translucent gate.
 44633 | Elf:2    | Found a huge runed translucent gate.
 45141 | Elf:2    | Found a huge runed translucent gate.
 45142 | Elf:2    | Noticed Donald
 45178 | Elf:3    | Entered Level 3 of the Elven Halls
 45191 | Elf:3    | Found a runed translucent gate.
 45192 | Elf:3    | Found a runed translucent gate.
 45195 | Elf:3    | Found a runed translucent gate.
 45202 | Elf:3    | Noticed waddelsworth's ghost (adept GnCj)
 45202 | Elf:3    | Noticed Tijoc's ghost (journeyman FeWn)
 45252 | Elf:3    | Received a gift from Trog
 45389 | Elf:3    | Found Hinineis's Book Emporium.
 45426 | Elf:3    | Reached XP level 20. HP: 144/146 MP: 6/20
 45522 | Elf:3    | Identified the +1 chain mail of Parlour Games {Dex+6}
 45774 | Elf:3    | Killed Tijoc's ghost
 45821 | Elf:3    | Killed waddelsworth's ghost
 46003 | Elf:3    | Reached skill level 10 in Throwing
 46595 | Elf:3    | Identified the +8 rapier of the Coward {flame, rC+ rCorr}
 46676 | Elf:3    | Identified the ring "Hutarus" {rPois rF- Will+ rCorr Str+6}
 46683 | Elf:3    | Received a gift from Trog
 46687 | Elf:3    | Identified the +3 ring mail "Mumnyall" {Contam +Blink
                  | Regen+ Str-5}
 47381 | Elf:3    | Identified the +7 hunting sling of the Many Ziggurats
                  | {flame, Int+8}
 47598 | Vaults:1 | Entered Level 1 of the Vaults
 47628 | Vaults:1 | Cast into level 3 of the Abyss (a wizard)
 47855 | Abyss:3  | Found a corrupted altar of Lugonu.
 47970 | Abyss:3  | Noticed a dread lich
 48096 | Abyss:3  | Got an abyssal rune of Zot
 48169 | Abyss:3  | Killed a dread lich
 48170 | Abyss:3  | Reached skill level 19 in Stealth
 48170 | Abyss:3  | Reached XP level 21. HP: 27/158 MP: 7/21
 48172 | Vaults:1 | Escaped the Abyss
 48175 | Vaults:1 | Annihilated by a tentacled starspawn

Illustrated notes

Levels and vault maps discovered:
D:1:      lemuel_arrival_lava_pool, layout_loops_ring,
          ebering_ecumenical_altar_mist
D:2:      layout_rooms, hangedman_feature_mirror
D:3:      layout_basic, nicolae_overflow_hidden_temple, serial_bayou,
          serial_bayou_lake_a, serial_bayou_crossing, uniq_robin, uniq_grinder,
          uniq_purgy
D:4:      layout_cave_pools, uniq_pikel, uniq_natasha
D:5:      layout_loops_corners, grunt_temple_overflow_octagram, serial_shops,
          shop
D:6:      layout_cave_pools, lemuel_round_altar, uniq_crazy_yiuf_cottage
D:7:      minmay_clustersquares, layout_gridville, minmay_temple_entry_trees,
          roderic_lattice_a, uniq_duvessa
D:8:      layout_loops_ring, nicolae_underground_beach
D:9:      cheibrodos_wizards_tower, layout_cave_pools, uniq_maurice
D:10:     minmay_cut_squares, layout_irregular_city, david_lair_shrubbed,
          serial_shops, shop
D:11:     minmay_the_grid_octo_tiled_octocenter_mashed
          [minmay_the_grid_octo_odd_swirl, minmay_the_grid_octo_toaster,
          minmay_the_grid_octo_checkerflower,
          minmay_the_grid_octo_tetromino_candy, minmay_the_grid_octo_prize_star,
          minmay_the_grid_square_5x5_shrine1,
          minmay_the_grid_square_5x5_checkered_statues,
          minmay_the_grid_square_5x5_pentomino_r,
          minmay_the_grid_square_5x5_doubleslash], layout_irregular_city,
          orc_0_dummy, serial_shops, nicolae_square_shop
D:12:     nrook_guardian_serpent_snake_passage, layout_cave_pools, serial_shops,
          shop
D:13:     layout_loops_ring, david_vaults_5, eino_house_with_fridge
D:14:     layout_stronghold, serial_shops, shop_statue,
          ebering_dispersal_statue_hall
D:15:     grunt_enter_depths_magical_seal, layout_basic, nrook_pool_corridor,
          serial_corexii_hall, chequers_hall_statues_y, corexii_hall_statues_l,
          corexii_hall_statues_l, corexii_hall_statues_deadend, uniq_nessos,
          uniq_josephine, uniq_louise
Temple:   nicolae_temple_god_jail
Lair:1:   layout_small_grid, basic_altar
Lair:2:   layout_loops_ring, portal_ice_cave_demonic_guard
Lair:3:   layout_cave_pods, minmay_swamp_entry_wisps, spider_nest_entry_a,
          infiniplex_staircase_pool_2, uniq_nergalle
Lair:4:   beast_lair_carwin_large_1, layout_regular_city, gammafunk_ghost_grave,
          chequers_serial_rivers_micro_d
Lair:5:   layout_gridlike, uniq_kirke
Lair:6:   evil_forest, layout_cave_pods, dpeg_slime_entry_corner,
          chequers_serial_rivers_marsh, grunt_megastairs_1,
          minmay_lair_oklob_chamber
Swamp:1:  layout_basic_swamp, evilmike_swamp_ruin_house_3
Swamp:2:  nicolae_swamp_ascending_descending, layout_falls_marsh,
          hangedman_swamp_lotus, nicolae_swamp_very_dense_foliage
Swamp:3:  layout_basic_swamp, nicolae_swamp_treefoil,
          nicolae_swamp_super_fun_site
Swamp:4:  swamp, layout_basic_swamp, infiniplex_staircase_pool
Spider:1: layout_spider_delve
Spider:2: layout_spider_delve, uniq_aizul
Spider:3: layout_chambers, uniq_bai_suzhen, uniq_arachne, uniq_nikola
Spider:4: grunt_spider_rune_island, uniq_asterion
Orc:1:    layout_diamond_mine, uniq_harold
Orc:2:    grunt_orc_community_town_hall, layout_diamond_mine,
          grunt_orc_community_big_house_1, grunt_orc_community_big_house_1,
          grunt_orc_community_house_3, grunt_orc_community_house_2,
          grunt_orc_community_house_3, grunt_orc_community_house_3,
          serial_shops, shop, mines2_david
Elf:1:    elf_arrival_001, layout_gridlike, serial_shops, bzr_entry_gold,
          ebering_ghost_inner_flame, hangedman_elven_crosses_minicolossus
Elf:2:    layout_rooms, einodemon_crawler_minivault, minmay_shop_star,
          uniq_saint_roka, uniq_donald
Elf:3:    nooodl_elf_gasket, layout_loops_ring, serial_shops, shop,
          gammafunk_ghost_cemetery, nicolae_elf_big_sculpture_3
Vaults:1: v_misc_5, ontoclasm_vaults_loading_screen, v_misc_30,
          vaults_mumra_lcd, ontoclasm_vaults_tryst,
          nicolae_vaults_diagonal_hallway_6, v_alt_pattern_3, v_misc_11,
          v_alt_pattern_1, hangedman_vaults_slice, v_rooms_5, v_misc_32,
          vaults_dpeg_hooks, v_misc_24, ontoclasm_vaults_loading_screen,
          layout_vaults_omnibox

Skill      XL: |  1  2  3  4  5  6  7  8  9 10 11 12 13 14 15 16 17 18 19 20 |
---------------+-------------------------------------------------------------+-----
Stealth        | 1 2 4 5 7 8 11 15 17 18 19 | 19.0
Short Blades   | 4 5 6 8 9 10 12 | 12.0
Dodging        | 4 7 9 10 11 13 15 17 18 | 18.2
Fighting       | 6 7 9 11 12 13 15 17 | 17.7
Evocations     | 4 6 |  6.3
Throwing       | 2 6 9 11 | 11.3
Shields        | 4 7 11 14 15 | 15.5

Action                   |  1- 3 |  4- 6 |  7- 9 | 10-12 | 13-15 | 16-18 | 19-21 || total
-------------------------+-------+-------+-------+-------+-------+-------+-------++-------
Melee: Short sword       |    68 |    47 |   215 |   340 |   186 |       |       ||   856
       Constrict         |    13 |    15 |    46 |    50 |   109 |   243 |   151 ||   627
       Tentacles         |    10 |    13 |    58 |   140 |   567 |   610 |   444 ||  1842
       Dagger            |       |       |       |   115 |   715 |       |       ||   830
       Quick blade       |       |       |       |       |   455 |  1603 |  1044 ||  3102
Throw: Boomerang         |       |       |       |     2 |    12 |    10 |     4 ||    28
       Dart              |       |       |       |       |    20 |    16 |     2 ||    38
       Javelin           |       |       |       |       |       |     4 |       ||     4
Invok: Berserk           |     1 |     4 |    11 |    17 |    17 |     9 |     4 ||    63
       Trog's Hand       |       |       |     2 |     1 |     4 |    12 |     5 ||    24
       Brothers in Arms  |       |       |       |       |     1 |       |     1 ||     2
Evoke: Wand              |       |       |       |    14 |     9 |    19 |     2 ||    44
       Phantom mirror    |       |       |       |       |       |     1 |     1 ||     2
  Use: Potion            |     3 |       |       |       |       |     7 |     8 ||    18
       Scroll            |       |       |     7 |     6 |    11 |    11 |     8 ||    43
 Stab: Sleeping          |    15 |     8 |    15 |    29 |    36 |    73 |    22 ||   198
       Distracted        |       |       |       |     5 |    12 |    14 |    12 ||    43
       Paralysed         |       |       |       |     1 |       |       |       ||     1
       Held in net/web   |       |       |       |       |       |     2 |       ||     2
Armor: Skin              |     3 |       |     8 |    24 |    76 |    75 |    25 ||   211
Dodge: Dodged            |    29 |    21 |   144 |   236 |   639 |   762 |   296 ||  2127
Block: Buckler           |       |       |       |       |    87 |   275 |    18 ||   380
       Kite shield       |       |       |       |       |       |       |   215 ||   215

Table legend: (Time is in decaauts)
 A = Elapsed time spent in this place.
 B = Non-inter-level travel time spent in this place.
 C = Inter-level travel time spent in this place.
 D = Time resting spent in this place.
 E = Time spent auto-exploring this place.
 F = Levels seen in this place.
 G = Mean time per level.
                   A        B        C        D        E       F      G
               +--------+--------+--------+--------+--------+-----+--------+
         Total |  45926 |  41424 |   4502 |   7403 |  24415 |  39 | 1177.6 |
       Dungeon |  18809 |  17191 |   1618 |   3248 |  11192 |  15 | 1253.9 |
        Temple |      3 |      3 |      0 |      0 |      1 |   1 |    3.0 |
          Lair |  12914 |  11408 |   1506 |   2231 |   5899 |   6 | 2152.3 |
         Swamp |   2936 |   2791 |    145 |    387 |   1710 |   4 |  734.0 |
   Spider Nest |   4176 |   3736 |    440 |    506 |   2337 |   4 | 1044.0 |
  Orcish Mines |   2912 |   2373 |    539 |    470 |   1337 |   2 | 1456.0 |
   Elven Halls |   3504 |   3251 |    253 |    427 |   1791 |   3 | 1168.0 |
        Vaults |     29 |     29 |      0 |      0 |     15 |   1 |   29.0 |
         Abyss |    418 |    418 |      0 |     12 |    112 |   1 |  418.0 |
        Bazaar |     30 |     30 |      0 |      0 |     20 |   1 |   30.0 |
      Ice Cave |    191 |    191 |      0 |    120 |      0 |   1 |  191.0 |
               +--------+--------+--------+--------+--------+-----+--------+

Top non-repeatable levels by time:
  Lair:3: 3117 daAuts
  Lair:5: 2422 daAuts
  Lair:4: 2339 daAuts
   Orc:2: 2220 daAuts
  Lair:6: 2202 daAuts
     D:5: 2048 daAuts
    D:11: 1958 daAuts
    D:10: 1924 daAuts
   Elf:3: 1908 daAuts
     D:7: 1748 daAuts
  Lair:1: 1586 daAuts
     D:3: 1539 daAuts
Spider:3: 1412 daAuts
     D:6: 1380 daAuts
Spider:4: 1292 daAuts
